 Dungeon Crawl Stone Soup version 0.24.0-123-gd5b16e6ec5 (webtiles) character file.

Game seed: 5418045025398937147, levelgen mode: deterministic

355 Locuples the Covert (level 6, -2/35 HPs)
             Began as a Vampire Assassin on Feb 1, 2020.
             Slain by Pikel
             ... wielding a +0 whip of freezing
              (6 damage)
             ... on level 4 of the Dungeon.
             The game lasted 00:09:29 (3887 turns).

Locuples the Covert (Vampire Assassin)              Turns: 3887, Time: 00:09:31

Health: -2/35      AC:  3    Str: 10    XL:     6   Next: 36%
Magic:  6/6        EV: 12    Int: 13    God:
Gold:   163        SH:  0    Dex: 18    Spells: 5/5 levels left

rFire    . . .     SeeInvis +   l - +4 short sword (venom)
rCold    + + .     Gourm    .   (no shield)
rNeg     + + +     Faith    .   b - +0 robe
rPois    ∞         Spirit   .   (no helmet)
rElec    .         Reflect  .   c - +0 cloak
rCorr    .         Harm     .   (no gloves)
MR       .....                  (no boots)
Stlth    ++++++....             m - amulet of the acrobat (curse)
HPRegen  0.00/turn              q - ring of attention (curse)
MPRegen  0.10/turn              (no ring)

@: bloodless
A: no food, fangs 3, see invisible, unbreathing
a: Bat Form, Revivify


You were on level 4 of the Dungeon.
You were bloodless.

You visited 1 branch of the dungeon, and saw 4 of its levels.

You collected 163 gold pieces.

Inventory:

Hand Weapons
 a - a +2 dagger
 f - a +0 short sword of speed
 l - a +4 short sword of venom (weapon)
Missiles
 d - 8 poisoned darts (quivered)
 e - 2 curare-tipped darts
Armour
 b - a +0 robe (worn)
 c - a +0 cloak (worn)
Jewellery
 m - a cursed amulet of the acrobat (around neck)
 q - a cursed ring of attention (left hand)
Wands
 n - a wand of scattershot (3)
 s - a wand of random effects (10)
Scrolls
 j - 3 scrolls of fog
 v - 2 scrolls of magic mapping
Potions
 g - a potion of ambrosia {unknown}
 h - 2 potions of flight
 i - 2 potions of curing
 k - 2 potions of heal wounds {unknown}
 o - a potion of cancellation {unknown}
 p - a potion of agility {unknown}
 u - a potion of invisibility {unknown}


   Skills:
 - Level 1.7 Fighting
 + Level 4.1 Short Blades
 - Level 1.5 Throwing
 - Level 1.1 Dodging
 * Level 10.5 Stealth


You had 5 spell levels left.
You didn't know any spells.
Your spell library was empty.

Dungeon Overview and Level Annotations

Branches:
Dungeon (4/15)
 Temple: D:4-7

Altars:
Xom
The Shining One

Annotations:
D:4 Pikel


Innate Abilities, Weirdness & Mutations

You do not eat.
You do not regenerate when monsters are visible.
You are frail without blood (-20% HP).
You can heal yourself when you bite living creatures.
You are immune to poison.
You have razor-sharp teeth.
You have supernaturally acute eyesight. (SInv)
You can survive without breathing.


Message History

Pikel looks more healthy.
Okay, then.
Things that are here:
a +0 spear; a gnoll skeleton You see here a +0 club.
Pikel cracks his whip.
The adder hisses angrily.
You hit the adder.
The adder is heavily wounded.
The adder closely misses you. The adder barely misses you.
You hit the adder.
The adder is poisoned.
The adder is almost dead.
You kill the adder!
Pikel completely misses you.
Pikel cracks his whip.
There is a stone staircase leading up here.
You can't go down here!
Pikel hits you with a +0 whip of freezing.
You die...

##.#.# #.## ..#### ##.#.# #.#
.#.. #.##.. ≈≈.#)### #.# ...
#.##.# .≈≈#.)p###.# ##.####
#.##.# ○.≈.###.##.####.....#
#.##.# ..≈##
##...##.#.....######.##.### ..≈#
#)#.#.[................... .≈≈##
##.#..#.#.....######.##.###
≈≈#.###......p.K@...######.##....
####...###..#.#.#..........##)###
.....### #.#...##.###########(#
###### ##........# #.#
#.(....#### #.### #.#...## ###
##...# #.....# #.. ##.###.
####.## #.# ##.## #.# #.# #.##


You could see Pikel and a slave.

Vanquished Creatures
  A slave (D:4)
  A hound (D:4)
  A gnoll shaman (D:4)
  Jessica (D:2)
  Terence (D:2)
  Ijyb (D:3)
  A worker ant (D:3)
  10 gnolls
  An adder (D:4)
  2 worms (D:2)
  5 dart slugs
  3 leopard geckos
  3 orcs
  A ball python (D:3)
  7 bats
  4 giant cockroaches
  2 goblins
  8 hobgoblins
  4 jackals
  3 quokkas
  6 frilled lizards
  11 kobolds
  7 rats
84 creatures vanquished.

Vanquished Creatures (others)
  A hound (D:4)
  3 worker ants (D:4)
  An iguana (D:4)
  An adder skeleton (D:4)
  An orc (D:4)
  A giant cockroach (D:4)
  2 jackals (D:4)
10 creatures vanquished.

Grand Total: 94 creatures vanquished

Notes
Turn   | Place    | Note
-------+----------+-------------------------------------------
     0 | D:1      | Locuples the Vampire Assassin began the quest for the Orb.
     0 | D:1      | Reached XP level 1. HP: 16/16 MP: 1/1
    43 | D:1      | Reached skill level 6 in Stealth
   381 | D:1      | Reached XP level 2. HP: 14/17 MP: 2/2
   448 | D:1      | Reached skill level 7 in Stealth
   528 | D:1      | Reached XP level 3. HP: 16/21 MP: 3/3
   686 | D:2      | Noticed Jessica
   691 | D:2      | Killed Jessica
   691 | D:2      | Reached skill level 8 in Stealth
   822 | D:2      | Noticed Terence
   838 | D:2      | Killed Terence
   838 | D:2      | Reached XP level 4. HP: 11/26 MP: 4/4
  1762 | D:2      | Reached skill level 9 in Stealth
  1772 | D:2      | Reached XP level 5. HP: 15/30 MP: 5/5
  2349 | D:2      | Found a glowing golden altar of the Shining One.
  3141 | D:3      | Noticed Ijyb
  3145 | D:3      | Killed Ijyb
  3275 | D:4      | Reached skill level 10 in Stealth
  3293 | D:4      | Reached XP level 6. HP: 21/35 MP: 6/6
  3470 | D:4      | Found a shimmering altar of Xom.
  3823 | D:4      | Noticed a slave
  3824 | D:4      | Noticed Pikel
  3829 | D:4      | Noticed a slave
  3834 | D:4      | Killed a slave
  3848 | D:4      | Noticed a slave
  3851 | D:4      | Noticed a slave
  3887 | D:4      | Slain by Pikel

Levels and vault maps discovered:
D:1:      evilmike_arrival_crescent, layout_rooms, minmay_hexomino_c4
D:2:      layout_loops_corners, lemuel_coloured_pillars_altar,
          serial_bayou_pond_b, uniq_jessica, uniq_terence
D:3:      layout_loops_ring, uniq_ijyb
D:4:      layout_loops_ring, minmay_temple_entry_junction, xom_confusion_cloud,
          uniq_robin, uniq_pikel

Skill      XL: |  1  2  3  4  5  6 |
---------------+-------------------+-----
Stealth        | 6 7 8 9 10 | 10.5
Short Blades   | 3 4 |  4.1
Fighting       | |  1.7
Throwing       | |  1.5
Dodging        | |  1.1

Action                   |  1- 3 |  4- 6 || total
-------------------------+-------+-------++-------
Melee: Short sword       |    46 |   123 ||   169
       Dagger            |    12 |       ||    12
       Bite              |     4 |    18 ||    22
 Abil: Exsanguinate      |     1 |       ||     1
  Use: Scroll            |       |     8 ||     8
 Stab: Sleeping          |     6 |    11 ||    17
Armor: Robe              |    20 |    10 ||    30
Dodge: Dodged            |    38 |    88 ||   126
